 Dungeon Crawl Stone Soup version 0.28-a0-1395-g4f6bc678fa (webtiles) character file.

Game seed: 5300418566323968593

176 Cheeritup the Skirmisher (level 5, 0/47 HPs)
             Began as a Hill Orc Fighter on Jan 4, 2022.
             Shot with an arrow by a centaur (7 damage)
             ... on level 4 of the Dungeon.
             The game lasted 00:10:41 (3676 turns).

Cheeritup the Skirmisher (Hill Orc Fighter)         Turns: 3676, Time: 00:10:41

Health: 0/47       AC: 10    Str: 21    XL:     5   Next: 56%
Magic:  5/5        EV:  7    Int:  8    God:
Gold:   99         SH:  0    Dex: 10    Spells: 4/4 levels left

rFire   . . .      SeeInvis .   f - +1 great mace
rCold   . . .      Faith    .   (shield currently unavailable)
rNeg    . . .      Spirit   .   k - +0 chain mail
rPois   +          Reflect  .   j - +0 helmet
rElec   .          Harm     .   (no cloak)
rCorr   .          Rampage  .   (no gloves)
Will    .....                   (no boots)
Stlth   ..........              (no amulet)
HPRegen 0.15/turn               l - ring of poison resistance
MPRegen 0.09/turn               (no ring)

@: no status effects
A: no striking features
a: no special abilities


You were on level 4 of the Dungeon.
You visited 1 branch of the dungeon, and saw 4 of its levels.

You collected 181 gold pieces.
You spent 82 gold pieces at shops.

Inventory:

Hand Weapons
 a - a +0 war axe
 f - a +1 great mace (weapon)
Missiles
 b - 2 silver javelins (quivered)
 e - 6 boomerangs of dispersal
Armour
 c - a +0 buckler
 j - a +0 helmet (worn)
 k - a +0 chain mail (worn)
Jewellery
 l - a ring of poison resistance (left hand)
Potions
 d - a potion of might
 h - a potion of brilliance
 i - 2 potions of attraction


   Skills:
 * Level 4.7 Fighting
 - Level 4.4(5.2) Axes
 - Level 3.3(4.2) Maces & Flails
 + Level 3.7 Armour
 - Level 3.2 Shields


You had 4 spell levels left.
You didn't know any spells.
Your spell library contained the following spells:

 Spells                   Type           Power      Damage    Failure   Level
 Shock                    Conj/Air       0%         1d3       99%         1
 Sting                    Tmut/Pois      0%         1d3       99%         1
 Passwall                 Tmut/Erth      0%         N/A       99%         2
 Poisonous Vapours        Pois/Air       0%         N/A       99%         2
 Confusing Touch          Hex            0%         N/A       100%        3
 Swiftness                Air            0%         N/A       100%        3
 Airstrike                Air            0%         N/A       100%        4
 Olgreb's Toxic Radiance  Pois           0%         N/A       100%        4
 Yara's Violent Unravell  Hex/Tmut       0%         3d3       100%        5
 Enfeeble                 Hex            0%         N/A       100%        7


Dungeon Overview and Level Annotations

Branches:
Dungeon (4/15)
 Temple: D:4-7

Altars:
Fedhas
Gozag
Xom

Shops:
D:3 !?


Message History

The orc hits you but does no damage.
You bludgeon the orc!!
You kill the orc!
The orc hits you but does no damage.
The ball python bites you but does no damage.
The ball python barely misses you.
You closely miss the orc. The orc hits you but does no damage.
The ball python bites you but does no damage.
The ball python barely misses you. The orc closely misses you.
The ball python bites you but does no damage.
The ball python grabs you. The ball python constricts you.
You bludgeon the orc!!
You kill the orc!
The ball python bites you but does no damage.
The ball python constricts you.
The ball python bites you but does no damage.
The ball python constricts you.
You bludgeon the ball python!!
You kill the ball python!
The giant cockroach completely misses you.
You barely miss the giant cockroach. The giant cockroach closely misses you.
The giant cockroach barely misses you.
You closely miss the giant cockroach. The giant cockroach bites you. x2
You closely miss the giant cockroach.
A centaur comes into view.
The giant cockroach bites you but does no damage.
The centaur shouts!
You bludgeon the giant cockroach!!
You kill the giant cockroach!
The centaur drinks a potion.
The centaur suddenly seems more resistant.
The centaur wields a +0 shortbow.
The centaur shoots an arrow.
The arrow hits you.
The centaur shoots an arrow.
The arrow hits you!
The centaur shoots an arrow.
The arrow hits you!
The centaur shoots an arrow.
The arrow hits you but does no damage.
The centaur shoots an arrow.
The arrow hits you!
* * * LOW HITPOINT WARNING * * *
The centaur shoots an arrow.
The arrow hits you!
You die...

#.#...#.# ..#
#...#...# #..#
######.## ...# #c#
...# #.# ##..# #.#
#...# #.#####..#
#.c......# ######@..#
#...## ## #...# #.###
##...# #...###
###...#####
#....####.........#
####.>..##....####...#
..###......#### ####
...#.....########


You could see a centaur (resistant).

Vanquished Creatures
  Robin (D:3)
  5 adders
  A white imp (D:3)
  A worm (D:3)
  4 dart slugs
  4 orcs
  5 endoplasms
  4 giant cockroaches
  13 goblins
  11 hobgoblins
  10 jackals (D:1)
  3 quokkas
  10 ball pythons
  5 bats
  4 frilled lizards
  6 kobolds
  4 rats
91 creatures vanquished.

Notes
Turn   | Place    | Note
-------+----------+-------------------------------------------
     0 | D:1      | Cheeritup the Hill Orc Fighter began the quest for the Orb.
     0 | D:1      | Reached XP level 1. HP: 19/19 MP: 1/1
    58 | D:1      | Reached XP level 2. HP: 17/26 MP: 2/2
   452 | D:1      | Reached XP level 3. HP: 31/31 MP: 3/3
   490 | D:1      | Reached skill level 1 in Maces & Flails
  1079 | D:2      | Reached XP level 4. HP: 11/39 MP: 4/4
  2349 | D:3      | Found a blossoming altar of Fedhas.
  2352 | D:3      | Noticed Robin
  2382 | D:3      | Found a shimmering altar of Xom.
  2425 | D:3      | Killed Robin
  2426 | D:3      | Reached XP level 5. HP: 36/46 MP: 5/5
  2755 | D:3      | Found an opulent altar of Gozag.
  3049 | D:3      | Found Pomaskan's Distillery.
  3174 | D:3      | Found Afepuy's Magic Scroll Shoppe.
  3193 | D:3      | Bought a scroll of enchant weapon for 82 gold pieces
  3661 | D:4      | Noticed a centaur
  3676 | D:4      | Shot with an arrow by a centaur

Illustrated notes

Levels and vault maps discovered:
D:1:      mrwooster_arrival_arrow, layout_basic, serial_corexii_hall,
          corexii_hall_statues_i, corexii_hall_statues_deadend
D:2:      layout_loops_cross
D:3:      layout_basic, nicolae_gozag_cash_rules_everything_around_me,
          mainiacjoe_overflow_catwalk_spiral, serial_shops, shop,
          nicolae_square_shop, grunt_ministairs_1, uniq_robin
D:4:      layout_cave_pods, minmay_fractal_squares_diagonal_5

Skill      XL: |  1  2  3  4 |
---------------+-------------+-----
Axes           | 3 4 |  4.4
Maces & Flails | 2 3 |  3.3
Fighting       | 4 |  4.7
Armour         | |  3.7
Shields        | |  3.2

Action                   |  1- 3 |  4- 6 || total
-------------------------+-------+-------++-------
Melee: War axe           |    41 |       ||    41
       Great mace        |    60 |   150 ||   210
  Use: Scroll            |       |     4 ||     4
Armor: Scale mail        |    42 |    54 ||    96
       Chain mail        |       |    48 ||    48
Dodge: Dodged            |    65 |    86 ||   151
Block: Buckler           |    13 |       ||    13

Table legend: (Time is in decaauts)
 A = Elapsed time spent in this place.
 B = Non-inter-level travel time spent in this place.
 C = Inter-level travel time spent in this place.
 D = Time resting spent in this place.
 E = Time spent auto-exploring this place.
 F = Levels seen in this place.
 G = Mean time per level.
                   A        B        C        D        E       F      G
               +--------+--------+--------+--------+--------+-----+--------+
         Total |   3795 |   3659 |    136 |    698 |   2126 |   4 |  948.8 |
       Dungeon |   3795 |   3659 |    136 |    698 |   2126 |   4 |  948.8 |
               +--------+--------+--------+--------+--------+-----+--------+

Top non-repeatable levels by time:
     D:3: 1453 daAuts
     D:2: 1204 daAuts
     D:1: 1039 daAuts
     D:4: 99 daAuts
